 Dungeon Crawl Stone Soup version 0.28-a0-687-gb91baff9cc (webtiles) character file.

Game seed: 4782536720649032937

95 ytrimaz the Skirmisher (level 4, -8/41 HPs)
             Began as a Minotaur Fighter on Oct 19, 2021.
             Killed from afar by Ijyb (20 damage)
             ... with a bolt of acid
             ... on level 3 of the Dungeon.
             The game lasted 00:02:54 (2411 turns).

ytrimaz the Skirmisher (Minotaur Fighter)           Turns: 2411, Time: 00:02:54

Health: -8/41      AC:  5    Str: 21    XL:     4   Next: 40%
Magic:  3/3        EV:  9    Int:  5    God:
Gold:   116        SH:  4    Dex: 10    Spells: 3/3 levels left

rFire   . . .      SeeInvis .   a - +0 war axe
rCold   . . .      Faith    .   c - +0 buckler
rNeg    . . .      Spirit   .   b - +0 scale mail
rPois   +          Reflect  .   (helmet restricted)
rElec   .          Harm     .   j - +0 cloak
rCorr   .          Rampage  .   (no gloves)
Will    .....                   o - +0 pair of boots
Stlth   ..........              (no amulet)
HPRegen 0.13/turn               n - ring of poison resistance
MPRegen 0.08/turn               (no ring)

@: mighty, corroded
A: horns 2, retaliatory headbutt
a: no special abilities


You were on level 3 of the Dungeon.
You visited 1 branch of the dungeon, and saw 3 of its levels.

You collected 116 gold pieces.

Inventory:

Hand Weapons
 a - a +0 war axe (weapon)
Armour
 b - a +0 scale mail (worn)
 c - a +0 buckler (worn)
 g - a +0 leather armour of willpower
 j - a +0 cloak (worn)
 o - a +0 pair of boots (worn)
Jewellery
 n - a ring of poison resistance (left hand)
Scrolls
 e - 7 scrolls of identify {unknown}
 k - a scroll of enchant armour {unknown}
Potions
 f - a potion of cancellation {unknown}
 h - a potion of flight {unknown}
 i - 2 potions of degeneration {unknown}
 l - a potion of heal wounds {unknown}
 m - a potion of resistance {unknown}


   Skills:
 * Level 4.6 Fighting
 * Level 3.8 Axes
 + Level 4.4 Armour
 - Level 4.0 Shields


You had 3 spell levels left.
You didn't know any spells.
Your spell library contained the following spells:

 Spells                   Type           Power      Damage    Failure   Level
 Sting                    Tmut/Pois      0%         1d3       80%         1
 Slow                     Hex            0%         N/A       91%         2
 Confusing Touch          Hex            0%         N/A       99%         3
 Vampiric Draining        Necr           0%         2d6       99%         3


Dungeon Overview and Level Annotations

Branches:
Dungeon (3/15)

Altars:

Annotations:
D:3 Ijyb


Innate Abilities, Weirdness & Mutations

You have a pair of horns on your head.
You reflexively headbutt those who attack you in melee.


Message History

A rat, an orc and Ijyb come into view.
Ijyb is wielding a +0 club and carrying a wand of acid (6).
The orc shouts!
Ijyb shouts!
An endoplasm comes into view.
Found 21 bolts, a knobbly silver ring, a golden potion and 23 arrows.
There are monsters nearby!
There are monsters nearby!
There are monsters nearby!
A kobold comes into view. It is wielding a +0 whip.
The endoplasm quivers.
The kobold shouts!
There is an open door here.
The endoplasm hits you but does no damage.
Ijyb zaps a wand.
The bolt of acid hits the orc!!
The orc dies!
The bolt of acid hits you! The acid corrodes you!
You slash the rat!
You kill the rat!
You hit the endoplasm. The endoplasm freezes you.
You are frozen.
The endoplasm misses you. Ijyb barely misses you. You furiously retaliate!
You headbutt Ijyb. The endoplasm freezes you.
You are frozen.
A goblin comes into view. It is wielding a +0 club.
You block the kobold's attack.
You see here 21 bolts.
Unknown command.
Sorry, you're not good enough to have a special ability.
You feel very mighty all of a sudden.
The goblin shouts!
Ijyb hits you with a +0 club. The endoplasm barely misses you.
The kobold hits you with a +0 whip.
* * * LOW HITPOINT WARNING * * *
You slash Ijyb! Your headbutt misses Ijyb.
Ijyb is heavily wounded.
You barely miss the kobold. You slash the endoplasm!
You kill the endoplasm!
Ijyb zaps a wand.
The bolt of acid hits you!!
You die...

#####..#####'#######'####..#.#
.......###.....###.....###...#
#####..##.....###.....## #.#.#
#..#.....###.....## #
#..#....###.....##
#..'...###.....##
#..#..######'###
#..#.###.#.....#
#..####..#..@..# #..#
#...+.!gK.+ #..##....#..(..#
#..#.....#.....#
#..#....####'### #..'...# .g.
#..#..## ... #..#.## ..#
#..###


You could see Ijyb, a goblin and a kobold.

Vanquished Creatures
  4 adders
  A worm (D:2)
  2 dart slugs (D:1)
  3 endoplasms
  3 giant cockroaches
  6 goblins
  3 hobgoblins
  2 jackals (D:1)
  7 kobolds
  2 quokkas (D:2)
  6 ball pythons
  5 bats
  2 frilled lizards
  8 rats
54 creatures vanquished.

Vanquished Creatures (others)
  An orc (D:3)
1 creature vanquished.

Grand Total: 55 creatures vanquished

Notes
Turn   | Place    | Note
-------+----------+-------------------------------------------
     0 | D:1      | ytrimaz the Minotaur Fighter began the quest for the Orb.
     0 | D:1      | Reached XP level 1. HP: 19/19 MP: 0/0
   186 | D:1      | Reached XP level 2. HP: 23/27 MP: 1/1
   809 | D:2      | Found a faded altar of an unknown god.
   816 | D:2      | Got Plato's Disquisition on Poison
   842 | D:2      | Reached XP level 3. HP: 32/34 MP: 2/2
  1622 | D:2      | Reached XP level 4. HP: 29/41 MP: 3/3
  2405 | D:3      | Noticed Ijyb
  2411 | D:3      | Killed from afar by Ijyb

Illustrated notes

Levels and vault maps discovered:
D:1:      psy_arrival_basics, layout_loops_ring, minmay_octomino_e4
D:2:      minmay_general_purpose_star, layout_basic,
          shapermc_ecumenical_altar_rom_forum
D:3:      layout_basic, mainiacjoe_overflow_six_doors_small,
          minmay_quadrilaterals, uniq_ijyb

Skill      XL: |  1  2  3 |
---------------+----------+-----
Fighting       | 4 |  4.6
Shields        | 4 |  4.0
Armour         | 4 |  4.4
Axes           | 3 |  3.8

Action                   |  1- 3 |  4- 6 || total
-------------------------+-------+-------++-------
Melee: War axe           |    76 |    30 ||   106
       Headbutt          |    14 |       ||    14
  Use: Potion            |       |     1 ||     1
Armor: Scale mail        |    38 |    25 ||    63
Dodge: Dodged            |    48 |    21 ||    69
Block: Buckler           |    19 |    10 ||    29

Table legend: (Time is in decaauts)
 A = Elapsed time spent in this place.
 B = Non-inter-level travel time spent in this place.
 C = Inter-level travel time spent in this place.
 D = Time resting spent in this place.
 E = Time spent auto-exploring this place.
 F = Levels seen in this place.
 G = Mean time per level.
                   A        B        C        D        E       F      G
               +--------+--------+--------+--------+--------+-----+--------+
         Total |   2447 |   2319 |    128 |      0 |   1879 |   3 |  815.7 |
       Dungeon |   2447 |   2319 |    128 |      0 |   1879 |   3 |  815.7 |
               +--------+--------+--------+--------+--------+-----+--------+

Top non-repeatable levels by time:
     D:2: 1142 daAuts
     D:1: 823 daAuts
     D:3: 482 daAuts
